 Dungeon Crawl Stone Soup version 0.28-a0-793-g31680bbd8b (webtiles) character file.

Game seed: 13453465755586424498

45 kae the Caller (level 3, -7/18 HPs)
             Began as a Vine Stalker Summoner on Nov 3, 2021.
             Mangled by a gnoll (9 damage)
             ... on level 2 of the Dungeon.
             The game lasted 00:01:41 (3406 turns).

kae the Caller (Vine Stalker Summoner)              Turns: 3406, Time: 00:01:41

Health: -7/18      AC:  3    Str: 10    XL:     3   Next: 64%
Magic:  0/8        EV: 12    Int: 16    God:
Gold:   122        SH:  0    Dex: 14    Spells: 1/7 levels left

rFire   . . .      SeeInvis .   e - +0 short sword
rCold   . . .      Faith    .   (no shield)
rNeg    . . .      Spirit   +   a - +0 robe
rPois   .          Reflect  .   l - +0 helmet
rElec   .          Harm     .   (no cloak)
rCorr   .          Rampage  .   (no gloves)
Will    .....                   (no boots)
Stlth   ++........              (no amulet)
HPRegen 0.06/turn               (no ring)
MPRegen 0.11/turn               (no ring)

@: no status effects
A: fangs 2, magic shield, antimagic bite, no potion heal 2
a: no special abilities


You were on level 2 of the Dungeon.
You visited 1 branch of the dungeon, and saw 3 of its levels.

You collected 122 gold pieces.

Inventory:

Hand Weapons
 e - a +0 short sword (weapon)
Armour
 a - a +0 robe (worn)
 l - a +0 helmet (worn)
Jewellery
 b - a ring of flight
 k - a +4 ring of protection
Scrolls
 g - 2 scrolls of teleportation
Potions
 c - a potion of cancellation
 d - a potion of attraction
 f - a potion of curing {unknown}
 h - a potion of brilliance {unknown}
 i - 2 potions of lignification {unknown}
 j - a potion of flight {unknown}


   Skills:
 + Level 1.1 Fighting
 - Level 1.5 Dodging
 - Level 2.4 Stealth
 + Level 2.7 Spellcasting
 * Level 4.7 Summonings


You had one spell level left.
You knew the following spells:

 Your Spells              Type           Power      Damage    Failure   Level
a - Summon Small Mammal   Summ           68%        N/A       2%          1
b - Call Imp              Summ           17%        N/A       4%          2
c - Call Canine Familiar  Summ           17%        N/A       9%          3

Your spell library contained the following spells:

 Spells                   Type           Power      Damage    Failure   Level
 Magic Dart               Conj           8%         1d3       19%         1
 Shock                    Conj/Air       8%         1d3       19%         1
 Summon Guardian Golem    Hex/Summ       9%         N/A       22%         3
 Searing Ray              Conj           4%         2d4       28%         2
 Swiftness                Air            2%         N/A       50%         3
 Summon Lightning Spire   Summ/Air       9%         N/A       58%         4
 Airstrike                Air            1%         N/A       88%         4
 Fulminant Prism          Conj/Hex       1%         3d6       88%         4


Dungeon Overview and Level Annotations

Branches:
Dungeon (3/15)

Altars:


Innate Abilities, Weirdness & Mutations

You have extremely sharp teeth.
When hurt, damage is shared between your health and your magic reserves.
Your bite disrupts and absorbs the magic of your enemies.
Potions cannot restore your health.


Message History

There are monsters nearby!
There are monsters nearby!
There are monsters nearby!
Casting: Summon Small Mammal (safe; 2% risk of failure)
Confirm with . or Enter, or press ? or * to list all spells.
A shadowy apparition takes form in the air.
A gnoll comes into view. It is wielding a +0 halberd.
Casting: Call Imp (safe; 4% risk of failure)
Confirm with . or Enter, or press ? or * to list all spells.
The gnoll hits your shadow imp with a +0 flail!
Your shadow imp dies!
Your shadow imp disappears in a puff of smoke!
Casting: Summon Small Mammal (safe; 2% risk of failure)
Confirm with . or Enter, or press ? or * to list all spells.
Your rat bites the gnoll.
You swap places.
Your rat bites the gnoll.
Your quokka closely misses the gnoll.
The gnoll misses your rat.
The gnoll hits your quokka with a +0 flail.
Your quokka dies!
Your quokka's corpse disappears in a puff of smoke!
The gnoll throws a throwing net.
The throwing net closely misses you.
You see here a throwing net.
There is a stone staircase leading up here.
You climb upwards.
There is a stone staircase leading down here.
The gnoll hits you with a +0 flail.
Casting: Summon Small Mammal (safe; 2% risk of failure)
Confirm with . or Enter, or press ? or * to list all spells.
The gnoll misses you. The gnoll hits you with a +0 flail.
Your quokka completely misses the gnoll.
Your quokka bites the gnoll but does no damage.
Casting: Summon Small Mammal (safe; 2% risk of failure)
Confirm with . or Enter, or press ? or * to list all spells.
A beastly little devil appears in a puff of flame.
Your quokka bites the gnoll.
The gnoll hits you with a +0 flail!
* * * LOW HITPOINT WARNING * * *
Your quokka closely misses the gnoll.
The gnoll hits you with a +0 flail!
Ouch! That really hurt!
You die...

........#.####.# #.##.###.#######
........#.#....# #...............
........#.#....#######.##.####...
###..........................#...
# ####.####....#######..#.##.#...
# #.# #....# ##.#.##.#### # #.#
####.# #...##.#### # #.#
####.#########..##..... # #.#
#.....@gr......>####### # #.#
#.##5############ # #.# #.##.# #
#.# #.##.# # #.# #.##.# # #.#
#.##.# ## # #.# #.##.# #( # #.#
#.##.# #. # #.# #.##.# #.


You could see a gnoll (ally target), a friendly crimson imp (summoned) and a
friendly quokka (summoned).

Vanquished Creatures
  2 dart slugs
  3 ball pythons (D:1)
  2 bats (D:1)
  An endoplasm (D:1)
  2 giant cockroaches (D:1)
  5 goblins
  A hobgoblin (D:1)
  6 kobolds
  2 frilled lizards (D:1)
24 creatures vanquished.

Vanquished Creatures (collateral kills)
  A worm (D:2)
  A bat (D:1)
  A goblin (D:2)
  3 hobgoblins (D:1)
  A ball python (D:1)
  A frilled lizard (D:1)
  2 rats (D:1)
10 creatures vanquished.

Grand Total: 34 creatures vanquished

Notes
Turn   | Place    | Note
-------+----------+-------------------------------------------
     0 | D:1      | kae the Vine Stalker Summoner began the quest for the Orb.
     0 | D:1      | Reached XP level 1. HP: 9/9 MP: 4/4
   345 | D:1      | Reached XP level 2. HP: 5/14 MP: 0/6
  1143 | D:1      | Learned a level 2 spell: Call Imp
  1433 | D:1      | Reached XP level 3. HP: 15/17 MP: 4/7
  1437 | D:1      | Learned a level 3 spell: Call Canine Familiar
  1579 | D:1      | Reached skill level 1 in Fighting
  3406 | D:2      | Mangled by a gnoll

Illustrated notes

Levels and vault maps discovered:
D:1:      dpeg_arrival_prison, layout_basic
D:2:      layout_basic
D:3:      layout_basic, serial_shops, nicolae_lakefront_shop

Skill      XL: |  1  2  3 |
---------------+----------+-----
Fighting       | 1 |  1.1
Dodging        | |  1.5
Stealth        | |  2.4
Spellcasting   | |  2.7
Summonings     | |  4.7

Action                   || total
-------------------------++-------
Melee: Unarmed           ||    27
       Bite              ||    11
       Short sword       ||    50
 Cast: Summon Small Mamm ||    31
       Call Imp          ||     4
  Use: Scroll            ||     4
 Stab: Sleeping          ||     3
       Distracted        ||     1
Armor: Robe              ||    18
Dodge: Dodged            ||    50

Table legend: (Time is in decaauts)
 A = Elapsed time spent in this place.
 B = Non-inter-level travel time spent in this place.
 C = Inter-level travel time spent in this place.
 D = Time resting spent in this place.
 E = Time spent auto-exploring this place.
 F = Levels seen in this place.
 G = Mean time per level.
                   A        B        C        D        E       F      G
               +--------+--------+--------+--------+--------+-----+--------+
         Total |   3411 |   3291 |    120 |    135 |   2779 |   3 | 1137.0 |
       Dungeon |   3411 |   3291 |    120 |    135 |   2779 |   3 | 1137.0 |
               +--------+--------+--------+--------+--------+-----+--------+

Top non-repeatable levels by time:
     D:1: 2217 daAuts
     D:2: 1091 daAuts
     D:3: 102 daAuts
